 Dungeon Crawl Stone Soup version 0.30.1-11-g7821555f0a (webtiles) character file.

Game seed: 18340461868493537098

9520 porpoise the Skirmisher (level 11, -3/52 (58) HPs)
             Began as a Tengu Hunter on Dec 31, 2023.
             Was a Believer of Hepliaklqana.
             Slain by a spectral orc warrior
             ... wielding a +0 scimitar
             ... summoned by Nergalle
              (9 damage)
             ... on level 1 of the Lair of Beasts.
             The game lasted 00:33:10 (9781 turns).

porpoise the Skirmisher (Tengu Hunter)              Turns: 9781, Time: 00:33:11

HP:   -3/52 (58)    AC:  9    Str: 12    XL:     11   Next: 47%
MP:   15/15         EV: 19    Int:  9    God:    Hepliaklqana [**....]
Gold: 584           SH:  0    Dex: 28    Spells: 10/10 levels left

rFire   . . .        a - +1 shortbow
rCold   . . .        (shield currently unavailable)
rNeg    . . .        E - +3 leather armour
rPois   .            (helmet restricted)
rElec   .            C - +1 cloak
rCorr   .            (no gloves)
SInv    +            (boots unavailable)
Will    .....        D - amulet of regeneration
Stlth   +++          j - ring of see invisible
HPRegen 1.08/turn    B - +6 ring of dexterity
MPRegen 0.14/turn

%: no passive effects
@: flying quickly and evasively, hasted, heavily drained, very quick
A: reduced essence, beak, talons 3, nimble flight
a: Renounce Religion, Recall Ancestor, Ancestor Identity


You were on level 1 of the Lair of Beasts.
You worshipped Hepliaklqana.
Hepliaklqana was pleased with you.
You visited 3 branches of the dungeon, and saw 12 of its levels.

You collected 644 gold pieces.
You spent 60 gold pieces at shops.

Inventory:

Hand Weapons
 a - a +1 shortbow (weapon)
 b - a +1 short sword of venom
 w - the +3 morningstar of the Servitors {elec, rCorr Str+3}
   (You found it on level 3 of the Dungeon)

   Str:       It affects your strength (+3).
   rCorr:     It protects you from acid and corrosion.
Missiles
 A - 10 curare-tipped darts
 P - 5 poisoned darts
Armour
 C - a +1 cloak (worn)
 E - a +3 leather armour (worn)
Jewellery
 i - an amulet of magic regeneration
 j - a ring of see invisible (left hand)
 p - a +6 ring of intelligence
 B - a +6 ring of dexterity (right hand)
 D - an amulet of regeneration (around neck)
 G - a ring of resist corrosion
 K - an amulet of the acrobat
 L - a +5 ring of evasion
 N - an amulet of guardian spirit
Wands
 n - a wand of flame (21)
 H - a wand of acid (9)
 J - a wand of iceblast (15)
Scrolls
 c - a scroll of enchant armour
 d - a scroll of poison
 e - 2 scrolls of immolation
 f - 6 scrolls of identify
 h - a scroll of fog
 k - a scroll of summoning
 l - 2 scrolls of teleportation
 q - 2 scrolls of enchant weapon
 s - 2 scrolls of amnesia
 t - a scroll of noise
 u - 2 scrolls of fear
 x - 2 scrolls of torment
 y - a scroll of vulnerability
 F - a scroll of blinking
Potions
 g - 2 potions of attraction
 m - 3 potions of curing
 o - a potion of mutation
 r - 3 potions of invisibility
 v - a potion of lignification


   Skills:
 + Level 6.3 Fighting
 - Level 14.0 Ranged Weapons
 + Level 5.8 Armour
 - Level 5.0 Dodging
 - Level 5.0 Stealth
 - Level 5.0 Invocations
 - Level 5.0 Evocations


You had 10 spell levels left.
You didn't know any spells.
Your spell library contained the following spells:

 Spells                   Type           Power      Damage    Failure   Level
 Sandblast                Erth           0%         2d4       45%         1
 Shock                    Conj/Air       0%         1d3       45%         1
 Lesser Beckoning         Tloc           0%         N/A       61%         2
 Passwall                 Tmut/Erth      0%         N/A       61%         2
 Sublimation of Blood     Necr           0%         N/A       61%         2
 Gell's Gravitas          Tloc           0%         N/A       83%         3
 Stone Arrow              Conj/Erth      0%         3d7       83%         3
 Swiftness                Air            0%         N/A       83%         3
 Teleport Other           Tloc           0%         N/A       83%         3
 Airstrike                Air            0%         2d(0-16)  99%         4
 Petrify                  Tmut/Erth      0%         N/A       99%         4
 Irradiate                Conj/Tmut      0%         3d11      100%        5
 Dispersal                Tloc           0%         N/A       100%        6
 Borgnjor's Revivificati  Necr           0%         N/A       100%        8
 Necromutation            Tmut/Necr      0%         N/A       100%        8
 Death's Door             Necr           0%         N/A       100%        9


Dungeon Overview and Level Annotations

Branches:
Dungeon (10/15)            Temple (1/1) D:4            Lair (1/5) D:10
    Orc: D:9-12

Altars:
Ashenzari
Cheibriados
Dithmenos
Elyvilon
Fedhas
Gozag
Hepliaklqana
Kikubaaqudgha
Makhleb
Nemelex Xobeh
Okawaru
Qazlal
Ru
Sif Muna
Trog
Uskayaw
Vehumet
Wu Jian
Xom
Yredelemnul
Zin
The Shining One

Shops:
D:3 !

Annotations:
D:5 1 runed translucent door, dchavez06's ghost, novice MiFi
Lair:1 Nergalle


Innate Abilities, Weirdness & Mutations

Your life essence is reduced to manifest your ancestor. (-10% HP)
You have a beak for a mouth.
You have claws for feet.
Your magical nature lets you fly swiftly and evasively.


Message History

Press: ? - help, Q - select action, (/) - cycle Shift-Dir - straight line, f/p - Nergalle
Aim: Nergalle, wielding a +2 dagger of venom and wearing a +0 robe (moderately wounded, ally target, 72% to hit)
You shoot an arrow. Nikki avoids your attack.
The arrow hits Nergalle.
Nergalle is moderately wounded.
The spectral orc warrior hits you but does no damage.
Nergalle hits Nikki with a +2 dagger of venom.
The spectral orc warrior closely misses you.
The spectral orc warrior completely misses you.
Nikki hits Nergalle with a +0 flail.
The spectral orc knight closely misses you.
You feel yourself speed up.
The spectral orc warrior hits you with a +0 war axe.
* * * LOW HITPOINT WARNING * * *
You feel drained.
Nikki blocks Nergalle's attack.
The spectral orc warrior closely misses you.
The spectral orc knight barely misses you.
The spectral orc warrior closely misses you.
Fire: a) +1 shortbow
Press: ? - help, Q - select action, (/) - cycle Shift-Dir - straight line, f/p - Nergalle
Aim: Nergalle, wielding a +2 dagger of venom and wearing a +0 robe (moderately wounded, ally target, 72% to hit)
You shoot an arrow. Nikki avoids your attack.
The arrow barely misses Nergalle.
Nikki hits Nergalle but does no damage.
The spectral orc warrior hits you with a +0 war axe!
* * * LOW HITPOINT WARNING * * *
You feel drained.
* * * LOW HITPOINT WARNING * * *
The spectral orc warrior completely misses you.
Nergalle says, "THAT's why.
How awful.
You!"
Nikki blocks Nergalle's attack.
Fire: a) +1 shortbow
Press: ? - help, Q - select action, (/) - cycle Shift-Dir - straight line, f/p - Nergalle
Aim: Nergalle, wielding a +2 dagger of venom and wearing a +0 robe (moderately wounded, ally target, 72% to hit)
Okay, then.
Unknown command.
Unknown command.
You feel better.
The spectral orc knight hits you with a +3 long sword.
* * * LOW HITPOINT WARNING * * *
The spectral orc warrior hits you with a +0 scimitar!
You die...

#. ##.. .... #...#
##...# . ####....## ...
##########.##..####
.....#Z.Z..........###..
..oR...@..#.#..###...#..
......ZZ######## ##...†.
......... ###.>.
.......... ##.P
..........# #.#
....(...... #.#
#..........# ##.
P..........# . .


You could see the friendly Nikki the knight, Nergalle (ally target), 3 spectral
orc warriors and a spectral orc knight (summoned).

Vanquished Creatures
  An elephant (D:10)
  Joseph (D:7)
  A gargoyle (D:8)
  A polar bear (Lair:1)
  A troll (D:9)
  Prince Ribbit (D:8)
  A hornet (D:8)
  Sigmund (D:3)
  Eustachio (D:5)
  A wraith (D:5)
  2 wyverns (D:8)
  4 yaks
  A basilisk (Lair:1)
  A steam dragon (D:9)
  Menkaure (D:4)
  An acid dragon (D:9)
  Duvessa (D:7)
  An orc warrior (D:8)
  A black bear (D:4)
  2 ice beasts
  3 sky beasts
  3 ogres (D:6)
  2 centaurs
  2 kobold brigands (D:9)
  3 bullfrogs
  A gnoll sergeant (D:9)
  6 scorpions
  13 wights
  Dowan (D:7)
  10 killer bees
  2 howler monkeys
  4 hounds (D:5)
  Crazy Yiuf (D:4)
  3 orc priests
  2 jellies
  2 gnoll boudas
  3 iguanas
  2 sleepcaps
  Natasha (thrice) (D:2)
  6 orc wizards
  Robin (D:2)
  12 gnolls
  4 adders
  A white imp (D:7)
  A worm (D:3)
  3 dart slugs
  26 orcs
  9 endoplasms
  4 giant cockroaches
  19 goblins
  14 hobgoblins
  13 kobolds
  3 quokkas
  2 ball pythons
  6 bats
  6 frilled lizards
  9 rats
230 creatures vanquished.

Vanquished Creatures (collateral kills)
  Maurice (D:10)
  A kobold demonologist (D:10)
  An unseen horror (D:10)
  A komodo dragon (Lair:1)
  2 yaks (D:9)
  A basilisk (D:10)
  A wyvern (D:10)
  A black bear (D:10)
  A bullfrog (D:9)
  A wight (D:9)
  A killer bee (D:10)
  An orc (D:10)
13 creatures vanquished.

Vanquished Creatures (others)
  An orc wizard (D:5)
  A knight (D:10)
2 creatures vanquished.

Grand Total: 245 creatures vanquished

Notes
Turn   | Place    | Note
-------+----------+-------------------------------------------
     0 | D:1      | porpoise the Tengu Hunter began the quest for the Orb.
     0 | D:1      | Reached XP level 1. HP: 12/12 MP: 2/2
   101 | D:1      | Reached XP level 2. HP: 17/17 MP: 3/3
   735 | D:2      | Noticed a scorpion
   842 | D:2      | Reached XP level 3. HP: 22/22 MP: 4/4
   874 | D:2      | Killed a scorpion
   875 | D:2      | Reached XP level 4. HP: 6/27 MP: 5/5
  1163 | D:2      | Reached skill level 5 in Ranged Weapons
  1164 | D:2      | Noticed Robin
  1170 | D:2      | Killed Robin
  1405 | D:2      | Gained mutation: Your magical nature lets you fly swiftly
                  | and evasively. [Tengu growth]
  1405 | D:2      | Reached XP level 5. HP: 32/32 MP: 6/6
  1679 | D:2      | Noticed Natasha
  1682 | D:2      | Killed Natasha
  1814 | D:2      | Noticed Natasha
  1819 | D:2      | Killed Natasha
  1918 | D:2      | Noticed Natasha
  1928 | D:2      | Killed Natasha
  2054 | D:3      | Reached XP level 6. HP: 25/37 MP: 7/7
  2117 | D:3      | Noticed Sigmund
  2153 | D:3      | Killed Sigmund
  2481 | D:3      | Reached XP level 7. HP: 42/42 MP: 8/8
  2495 | D:3      | Reached skill level 6 in Ranged Weapons
  2873 | D:3      | Found Xastebon's Distillery.
  2890 | D:3      | Bought a potion of heal wounds for 60 gold pieces
  2909 | D:3      | Identified the +3 morningstar of the Servitors {elec, rCorr
                  | Str+3}
  3421 | D:4      | Noticed Menkaure
  3445 | D:4      | Killed Menkaure
  3446 | D:4      | Reached skill level 5 in Dodging
  3452 | D:4      | Reached skill level 7 in Ranged Weapons
  3462 | D:4      | Reached XP level 8. HP: 18/48 MP: 9/9
  3677 | D:4      | Found a staircase to the Ecumenical Temple.
  3688 | Temple   | Entered the Ecumenical Temple
  3962 | D:4      | Reached skill level 5 in Fighting
  4480 | D:4      | Found a hide-covered altar of Uskayaw.
  4482 | D:4      | Found a burning altar of Makhleb.
  4511 | D:4      | Found a runed translucent door.
  4512 | D:4      | Noticed Crazy Yiuf
  4523 | D:4      | Killed Crazy Yiuf
  4710 | D:5      | Entered Level 5 of the Dungeon
  4710 | D:5      | Noticed Eustachio
  4731 | D:5      | Killed Eustachio
  4732 | D:5      | Reached skill level 8 in Ranged Weapons
  4991 | D:5      | Noticed a wraith
  5028 | D:5      | Killed a wraith
  5029 | D:5      | Reached skill level 9 in Ranged Weapons
  5051 | D:5      | Noticed dchavez06's ghost (novice MiFi)
  5335 | D:5      | Found a runed translucent door.
  5340 | D:5      | Found a sacrificial altar of Ru.
  5758 | D:6      | Reached skill level 10 in Ranged Weapons
  5764 | D:6      | Reached XP level 9. HP: 54/54 MP: 10/10
  6037 | D:6      | Reached skill level 11 in Ranged Weapons
  6314 | D:7      | Found a white marble altar of Elyvilon.
  6380 | D:7      | Reached skill level 12 in Ranged Weapons
  6476 | D:7      | Noticed Joseph
  6489 | D:7      | Killed Joseph
  6490 | D:7      | Reached skill level 13 in Ranged Weapons
  6678 | D:7      | Noticed Duvessa
  6679 | D:7      | Noticed Dowan
  6687 | D:7      | Killed Duvessa
  6693 | D:7      | Killed Dowan
  6725 | D:7      | Found a shimmering altar of Xom.
  6725 | D:7      | Found a shimmering altar of Xom.
  6726 | D:7      | Found a shimmering altar of Xom.
  6726 | D:7      | Found a shimmering altar of Xom.
  6727 | D:7      | Found a shimmering altar of Xom.
  6728 | D:7      | Found a shimmering altar of Xom.
  6728 | D:7      | Found a shimmering altar of Xom.
  6732 | D:7      | Found a shimmering altar of Xom.
  6816 | D:7      | Reached XP level 10. HP: 59/59 MP: 11/11
  6925 | D:7      | Found a hazy altar of Hepliaklqana.
  7005 | D:7      | Became a worshipper of Hepliaklqana the Forgotten
  7234 | D:8      | Noticed Prince Ribbit
  7249 | D:8      | Killed Prince Ribbit
  7251 | D:8      | Reached skill level 14 in Ranged Weapons
  7303 | D:8      | Reached skill level 1 in Armour
  7303 | D:8      | Reached skill level 1 in Evocations
  7548 | D:8      | Noticed a gargoyle
  7588 | D:8      | Reached skill level 1 in Invocations
  7588 | D:8      | Killed a gargoyle
  7989 | D:8      | Reached * piety under Hepliaklqana
  8189 | D:9      | Found an ancient bone altar of Kikubaaqudgha.
  8248 | D:9      | Found a radiant altar of Vehumet.
  8611 | D:9      | Reached ** piety under Hepliaklqana
  8612 | D:9      | Remembered your ancestor Nikki as a knight
  8788 | D:10     | Entered Level 10 of the Dungeon
  8788 | D:10     | Noticed Maurice
  8808 | D:9      | Reached XP level 11. HP: 32/56 MP: 13/15
  8867 | D:9      | Reached skill level 5 in Armour
  9018 | D:10     | Killed Maurice
  9019 | D:10     | Reached skill level 5 in Evocations
  9244 | D:10     | Reached skill level 5 in Invocations
  9268 | D:10     | Found a staircase to the Lair.
  9691 | Lair:1   | Entered Level 1 of the Lair of Beasts
  9704 | Lair:1   | Reached skill level 5 in Stealth
  9763 | Lair:1   | Noticed Nergalle
  9781 | Lair:1   | Slain by a spectral orc warrior

Illustrated notes

Levels and vault maps discovered:
D:1:      lemuel_arrival_river_bridge, layout_loops_ring, chequers_jeans
D:2:      cheibrodos_greedy_goblins, layout_loops_corners, uniq_natasha,
          uniq_robin
D:3:      minmay_general_purpose_star, layout_rooms, serial_shops, shop,
          minmay_divided_ellipse, uniq_sigmund
D:4:      layout_basic, minitemple, minmay_temple_entry_grid,
          uniq_crazy_yiuf_cottage, uniq_menkaure
D:5:      layout_basic, mainiacjoe_overflow_alcove_1,
          hellmonk_ghost_happy_afterlife, uniq_eustachio
D:6:      layout_rooms, kennysheep_decorative_pillar
D:7:      layout_basic, nzn_hepliaklqana_mist_gate, elyvilon_altar_1,
          xom_shifter_show, grunt_decor_one_mirror, uniq_joseph, uniq_duvessa
D:8:      layout_basic, uniq_prince_ribbit1
D:9:      layout_long_grid, marbit_many_paths, kiku_gazebo_pond_becter
D:10:     layout_basic, david_lair_generic, uniq_maurice
Temple:   dpeg_chambers_temple
Lair:1:   layout_cave_pods, uniq_nergalle

Skill      XL: |  1  2  3  4  5  6  7  8  9 10 11 |
---------------+----------------------------------+-----
Dodging        | 3 4 5 |  5.0
Stealth        | 2 3 4 5 |  5.0
Ranged Weapons | 5 7 10 13 14 | 14.0
Fighting       | 3 4 5 6 |  6.3
Armour         | 4 5 |  5.8
Evocations     | 4 5 |  5.0
Invocations    | 4 5 |  5.0

Action                     |  1- 3 |  4- 6 |  7- 9 | 10-12 || total
---------------------------+-------+-------+-------+-------++-------
  Melee: Short sword       |       |    23 |    13 |       ||    36
         Kick              |       |     2 |     3 |       ||     5
         Peck              |       |     2 |       |       ||     2
   Fire: Shortbow          |    57 |   134 |   363 |   368 ||   922
 Invoke: Recall Ancestor   |       |       |       |     3 ||     3
         Ancestor Life: Kn |       |       |       |     1 ||     1
         Ancestor Identity |       |       |       |     1 ||     1
    Use: Potion            |       |     4 |     1 |     3 ||     8
         Scroll            |       |       |    14 |     2 ||    16
 Armour: Leather armour    |     4 |    10 |    25 |    17 ||    56
         Skin              |       |     6 |       |       ||     6
  Dodge: Dodged            |    18 |    50 |   150 |   159 ||   377
